 Dungeon Crawl Stone Soup version 0.20-a0-1089-g3fde505 (webtiles) character file.

87 Gruud the Slasher (level 4, -2/33 HPs)
             Began as a Demonspawn Gladiator on May 2, 2017.
             Slain by a gnoll
             ... wielding a +0 spear
              (5 damage)
             ... on level 2 of the Dungeon.
             The game lasted 00:05:49 (2045 turns).

Gruud the Slasher (Demonspawn Gladiator)            Turns: 2045, Time: 00:05:50

Health: -2/33      AC:  4    Str: 14    XL:     4   Next: 28%
Magic:  4/4        EV: 12    Int: 11    God:
Gold:   60         SH:  0    Dex: 14    Spells: 3/3 levels left

rFire    . . .     SeeInvis +   k - -1 dagger (curse)
rCold    + . .     Gourm    .   (no shield)
rNeg     . . .     Faith    .   b - +0 leather armour
rPois    .         Spirit   .   c - +0 helmet
rElec    .         Reflect  .   (no cloak)
rCorr    .         Harm     .   (no gloves)
MR       .....                  (no boots)
Stlth    +.........             (no amulet)
Regen    0.2/turn               i - ring of protection from cold
MPRegen  0.1/turn               h - ring of see invisible

@: no status effects
A: demonic guardian 1
a: no special abilities


You were on level 2 of the Dungeon.
You were not hungry.

You visited 1 branch of the dungeon, and saw 2 of its levels.

You collected 60 gold pieces.

Inventory:

Hand Weapons
 a - a +0 long sword
 k - a cursed -1 dagger (weapon)
Armour
 b - a +0 leather armour (worn)
 c - a +0 helmet (worn)
Jewellery
 e - a cursed ring of loudness {unknown}
 h - a ring of see invisible (right hand)
 i - a ring of protection from cold (left hand)
 j - an uncursed ring of wizardry
Potions
 g - a potion of curing
 l - 2 potions of heal wounds {unknown}
Comestibles
 f - 2 bread rations


   Skills:
 - Level 2.0 Fighting
 * Level 4.6 Long Blades
 - Level 1.7 Throwing
 - Level 2.6 Dodging


You had 3 spell levels left.
You didn't know any spells.

Dungeon Overview and Level Annotations

Branches:
Dungeon (2/15)

Altars:


Innate Abilities, Weirdness & Mutations

A weak demonic guardian rushes to your aid.


Message History

* * * LOW HITPOINT WARNING * * *
You closely miss the gnoll.
The gnoll is heavily wounded.
The gnoll hits you with a spear.
* * * LOW HITPOINT WARNING * * *
You hit the gnoll but do no damage.
The gnoll is heavily wounded.
You feel better. The gnoll hits you with a spear.
You hit the gnoll but do no damage.
The gnoll is moderately wounded.
The gnoll hits you with a spear.
* * * LOW HITPOINT WARNING * * *
You hit the gnoll.
The gnoll is severely wounded.
The gnoll hits you with a spear.
* * * LOW HITPOINT WARNING * * *
You barely miss the gnoll.
The gnoll is severely wounded.
The gnoll hits you with a spear.
You die...

####.#####.##.##
#......# #.....# #.##.#
######## #.....# #.##.#
#.....# #.##.# ####.##
#.##.# #g# #.##.# #.#
#.##.#### #.# #.......#
#.#####@......#
#.....g.......#
########......#
#......#
################...(..#
#<.................####
####################


You could see a gnoll.

Vanquished Creatures
  An adder (D:2)
  An ooze (D:2)
  2 worms (D:2)
  A leopard gecko (D:1)
  A ball python (D:2)
  5 giant cockroaches
  7 goblins
  4 hobgoblins (D:2)
  6 kobolds
  A quokka (D:2)
  4 bats
  5 frilled lizards
  3 rats (D:1)
41 creatures vanquished.

Vanquished Creatures (collateral kills)
  2 gnolls (D:2)
  2 adders (D:2)
  A giant cockroach (D:2)
5 creatures vanquished.

Grand Total: 46 creatures vanquished

Notes
Turn   | Place    | Note
-------+----------+-------------------------------------------
     0 | D:1      | Gruud the Demonspawn Gladiator began the quest for the Orb.
     0 | D:1      | Reached XP level 1. HP: 16/16 MP: 1/1
    29 | D:1      | Reached skill level 3 in Long Blades
   111 | D:1      | Gained mutation: A weak demonic guardian rushes to your aid. [demonic ancestry]
   111 | D:1      | Reached XP level 2. HP: 20/22 MP: 2/2
   996 | D:2      | Reached XP level 3. HP: 11/27 MP: 3/3
  1191 | D:2      | Reached skill level 4 in Long Blades
  1731 | D:2      | Reached XP level 4. HP: 19/33 MP: 4/4
  2045 | D:2      | Slain by a gnoll

Vault maps used:
D:1:      eino_arrival_cavern_d, minmay_misc_feat_hallway, minmay_pentomino_v2

Skill      XL: |  1  2  3 |
---------------+----------+-----
Long Blades    | 3 4 |  4.6
Fighting       | |  2.0
Throwing       | |  1.7
Dodging        | |  2.6

Action                   |  1- 3 |  4- 6 || total
-------------------------+-------+-------++-------
Melee: Long sword        |    18 |       ||    18
       Dagger            |   248 |    43 ||   291
Throw: Throwing net      |     5 |       ||     5
       Javelin           |       |     3 ||     3
  Use: Scroll            |     3 |       ||     3
       Potion            |     1 |     1 ||     2
 Stab: Held in net/web   |     3 |       ||     3
  Eat: Chunk             |     3 |     1 ||     4
Armor: Leather armour    |    65 |    17 ||    82
Dodge: Dodged            |   126 |    27 ||   153
       Rpst.: Long sword |     5 |       ||     5
